 Dungeon Crawl Stone Soup version 0.30.0-29-ga12c61a403 (webtiles) character file.

Game seed: 18399653912960476056

4171 Fecro the Covert (level 10, -7/49 HPs)
             Began as a Spriggan Brigand on June 14, 2023.
             Was an Initiate of Ashenzari.
             Mangled by a shadow (10 damage)
             ... on level 11 of the Dungeon.
             The game lasted 00:58:33 (11499 turns).

Fecro the Covert (Spriggan Brigand)                Turns: 11499, Time: 00:58:34

Health: -7/49      AC:  4    Str: 13    XL:     10   Next: 7%
Magic:  17/17      EV: 27    Int: 13    God:    Ashenzari [......]
Gold:   345        SH:  6    Dex: 21    Spells: 18/18 levels left

rFire   . . .        F - +4 war axe "Share My Disappointment" {Melee, Fort} (curse)
rCold   . . .        P - +2 buckler
rNeg    . . .        b - +0 robe
rPois   .            (helmet restricted)
rElec   .            v - +1 cloak
rCorr   .            (gloves unavailable)
SInv    +            (boots unavailable)
Will    +....        (no amulet)
Stlth   +++++        t - +5 ring of evasion
HPRegen 0.28/turn    o - +6 ring of strength
MPRegen 0.15/turn

%: no passive effects
@: very quick
A: very small, no large weapons, unfitting armour, see invisible, speed 3
a: Renounce Religion, Curse Item, Shatter the Chains


You were on level 11 of the Dungeon.
You worshipped Ashenzari.
Ashenzari was noncommittal.
You visited 3 branches of the dungeon, and saw 13 of its levels.

You collected 550 gold pieces.
You spent 205 gold pieces at shops.

Inventory:

Hand Weapons
 a - a +2 dagger of venom
 E - a +0 arbalest
 F - the cursed +4 war axe "Share My Disappointment" (weapon) {Melee, Fort}
   (You took it off a wight on level 6 of the Dungeon)

   It has a curse which improves the following skills: Melee Combat: Short
   Blades, Long Blades, Axes, Maces & Flails, Polearms, Staves and Unarmed
   Combat.
   Fortitude: Armour and Shields.
Missiles
 d - 9 poisoned darts (quivered)
 r - 10 boomerangs
 y - 3 throwing nets
Armour
 b - a +0 robe (worn)
 v - a +1 cloak (worn)
 P - a +2 buckler (worn)
Jewellery
 e - a ring of flight
 o - a +6 ring of strength (right hand)
 t - a +5 ring of evasion (left hand)
 H - a ring of resist corrosion
 K - a ring of positive energy
 O - an amulet of magic regeneration
Wands
 B - a wand of quicksilver (8)
 D - a wand of flame (33)
 L - a wand of iceblast (3)
Scrolls
 f - 2 scrolls of enchant weapon {unknown}
 g - 5 scrolls of teleportation
 i - 2 scrolls of poison {unknown}
 k - 3 scrolls of noise {unknown}
 l - 3 scrolls of immolation {unknown}
 m - 13 scrolls of identify
 n - 5 scrolls of magic mapping {unknown}
 p - 2 scrolls of blinking {unknown}
 s - a scroll of vulnerability {unknown}
 u - a scroll of amnesia {unknown}
 J - a scroll of enchant armour {unknown}
 M - a scroll of silence {unknown}
 N - a scroll of fog {unknown}
Potions
 c - a potion of invisibility {unknown}
 h - 2 potions of degeneration {unknown}
 j - 4 potions of mutation {unknown}
 q - 3 potions of curing
 w - 2 potions of might {unknown}
 x - 5 potions of brilliance {unknown}
 z - a potion of lignification {unknown}
 A - 3 potions of heal wounds {unknown}
 C - a potion of berserk rage {unknown}
 G - 2 potions of magic {unknown}
 I - a potion of flight {unknown}


   Skills:
 + Level 3.1 Fighting
 + Level 6.0(6.4) Short Blades
 * Level 5.2(5.6) Axes
 + Level 5.5 Throwing
 * Level 7.4 Dodging
 + Level 12.5 Stealth
 + Level 4.5 Spellcasting
 + Level 3.1 Evocations


You had 18 spell levels left.
You didn't know any spells.
Your spell library contained the following spells:

 Spells                   Type           Power      Damage    Failure   Level
 Portal Projectile        Hex/Tloc       4%         N/A       63%         3
 Tukima's Dance           Hex            2%         N/A       63%         3
 Blade Hands              Tmut           1%         N/A       100%        5


Dungeon Overview and Level Annotations

Branches:
Dungeon (11/15)            Temple (1/1) D:5            Lair (1/5) D:8
    Orc: D:9-12

Altars:
Ashenzari
Cheibriados
Dithmenos
Elyvilon
Fedhas
Gozag
Hepliaklqana
Makhleb
Nemelex Xobeh
Okawaru
Qazlal
Ru
Sif Muna
Trog
Uskayaw
Vehumet
Wu Jian
Xom
Yredelemnul
Zin
The Shining One

Shops:
D:5 *   D:7 *   D:8 *

Portals:
Ice
Cave: D:11

Annotations:
D:11 3 runed translucent doors, Amaemon; bairyn's ghost, novice AtFi; belegose's ghost, journeyman DjSu; cheesebisquit's ghost, journeyman TrFi; zepal's ghost, journeyman TrMo


Innate Abilities, Weirdness & Mutations

You are very small and have problems with some larger weapons.
You are too small for most types of armour.
You have supernaturally acute eyesight. (SInv)
You cover ground extremely quickly. (Speed+++)


Message History

You barely miss the shadow.
The shadow is heavily damaged.
The shadow barely misses you.
You barely miss the shadow.
The shadow is heavily damaged.
The shadow hits you!
You are too injured to fight recklessly!
There is an open door here.
The shadow slips into darkness.
The shadow flickers and vanishes for a moment.
You see here a stone.
Found a stone staircase leading down.
You open the door.
There is an open door here.
You close the door.
j - 4 fizzy clear potions (gained 1)
Something unseen opens the door.
You open the door.
There is an open door here.
A rime drake comes into view.
A rime drake comes into view.
Found 7 stones.
Found a frozen archway.
The rime drake hisses angrily.
Amaemon the Diabolical Poisoner comes into view.
He is wielding a +0 demon whip of venom.
Amaemon shouts!
The rime drake breathes ice at you. The icy flash freeze hits you!!
* * * LOW HITPOINT WARNING * * *
You are encased in ice.
Amaemon casts a spell.
You hit the shadow.
The shadow is heavily damaged.
The ice encasing you melts away. The shadow hits you.
* * * LOW HITPOINT WARNING * * *
An orange demon comes into view.
The shadow hits you.
* * * LOW HITPOINT WARNING * * *
The shadow hits you!
You die...

## ..## # ..#
#######+.# ####.##
#........ ###.....#
#.#..≈≈≈
........###...#####
#.....#Wk.k....∩#
#.....@.##≈.s...#
#.....####.#≈s6.#
#.....# ##≈#≈..#
##.#### #≈#.4..
#..# #.≈..# ##'####
##### ##### #.....#
....# ####.W...#
....# #..'.....+


You could see 2 rime drakes and a shadow.

Vanquished Creatures
  A yak (D:10)
  A shadow (D:6)
  3 wyverns
  2 sky beasts (D:8)
  2 orc warriors
  A centaur (D:8)
  A phantom (D:6)
  3 bullfrogs
  3 gnoll sergeants
  5 scorpions
  17 wights
  2 jellies
  3 gnoll boudas
  6 hounds
  5 orc priests
  A sleepcap (D:3)
  8 iguanas
  5 orc wizards
  A mummy (D:3)
  Robin (D:2)
  34 gnolls
  6 adders
  A shadow imp (D:5)
  3 worms
  2 dart slugs
  16 orcs
  8 endoplasms
  A giant cockroach (D:4)
  16 goblins
  16 hobgoblins
  6 jackals
  4 quokkas
  7 ball pythons
  6 bats
  A frilled lizard (D:2)
  9 kobolds
  9 rats
  A spectral hobgoblin (D:6)
217 creatures vanquished.

Notes
Turn   | Place    | Note
-------+----------+-------------------------------------------
     0 | D:1      | Fecro the Spriggan Brigand began the quest for the Orb.
     0 | D:1      | Reached XP level 1. HP: 10/10 MP: 2/2
    38 | D:1      | Reached skill level 6 in Stealth
   325 | D:1      | Reached XP level 2. HP: 14/14 MP: 3/3
   646 | D:2      | Noticed a phantom
   843 | D:2      | Reached skill level 7 in Stealth
   853 | D:2      | Reached XP level 3. HP: 18/18 MP: 4/4
  1186 | D:2      | Noticed Robin
  1365 | D:2      | Killed Robin
  1417 | D:2      | Reached XP level 4. HP: 14/22 MP: 6/6
  1905 | D:3      | Reached skill level 8 in Stealth
  2044 | D:3      | Reached skill level 1 in Spellcasting
  2152 | D:3      | Reached XP level 5. HP: 26/26 MP: 7/7
  2243 | D:3      | Found a snail-covered altar of Cheibriados.
  2621 | D:4      | Found a blossoming altar of Fedhas.
  3235 | D:4      | Reached skill level 9 in Stealth
  3380 | D:4      | Reached XP level 6. HP: 19/30 MP: 9/9
  3568 | D:4      | Reached skill level 1 in Evocations
  4028 | D:4      | Reached XP level 7. HP: 35/35 MP: 11/11
  4187 | D:5      | Entered Level 5 of the Dungeon
  4431 | D:5      | Found a staircase to the Ecumenical Temple.
  4525 | Temple   | Entered the Ecumenical Temple
  4610 | Temple   | Became a worshipper of Ashenzari the Shackled
  4689 | D:5      | Reached skill level 10 in Stealth
  4750 | D:5      | Found Byitytog's General Store.
  4752 | D:5      | Found Ahauskod's Specific Store.
  4890 | D:5      | Bought a scroll of teleportation for 33 gold pieces
  6340 | D:5      | Reached XP level 8. HP: 36/39 MP: 14/14
  6374 | D:5      | Bought a scroll of identify for 20 gold pieces
  6374 | D:5      | Bought a scroll of identify for 20 gold pieces
  6624 | D:6      | Found a hazy altar of Hepliaklqana.
  6840 | D:6      | Reached skill level 5 in Short Blades
  6912 | D:6      | Reached skill level 5 in Dodging
  6912 | D:6      | Reached skill level 11 in Stealth
  7349 | D:6      | Reached XP level 9. HP: 43/43 MP: 16/16
  7823 | D:7      | Found an iron altar of Okawaru.
  8056 | D:7      | Found Jadioro's General Store.
  8064 | D:7      | Bought 3 poisoned darts for 27 gold pieces
  8064 | D:7      | Bought a potion of curing for 45 gold pieces
  8064 | D:7      | Bought 2 boomerangs for 60 gold pieces
  8160 | D:7      | Reached skill level 5 in Throwing
  8402 | D:7      | Reached skill level 1 in Axes
  8640 | D:7      | Reached skill level 12 in Stealth
  9036 | D:8      | Found a staircase to the Lair.
  9057 | Lair:1   | Entered Level 1 of the Lair of Beasts
  9434 | D:8      | Found Hangey's General Store.
  9640 | D:8      | Found a sacrificial altar of Ru.
  9640 | D:8      | Found a hide-covered altar of Uskayaw.
  9640 | D:8      | Found a white marble altar of Elyvilon.
  9640 | D:8      | Found a radiant altar of Vehumet.
  9646 | D:8      | Found a shimmering altar of Xom.
  9646 | D:8      | Found a stormy altar of Qazlal.
 10315 | D:9      | You fall into a shaft and drop 1 floor!
 10315 | D:10     | Entered Level 10 of the Dungeon
 11081 | D:10     | Found a shadowy altar of Dithmenos.
 11097 | D:10     | Noticed a gargoyle
 11098 | D:10     | Noticed a troll
 11304 | D:10     | Reached XP level 10. HP: 43/49 MP: 17/17
 11329 | D:11     | Reached skill level 5 in Axes
 11331 | D:11     | Found a runed translucent gate.
 11331 | D:11     | Found a runed translucent gate.
 11331 | D:11     | Found a runed translucent gate.
 11331 | D:11     | Noticed belegose's ghost (journeyman DjSu)
 11332 | D:11     | Noticed bairyn's ghost (novice AtFi)
 11332 | D:11     | Noticed zepal's ghost (journeyman TrMo)
 11332 | D:11     | Noticed cheesebisquit's ghost (journeyman TrFi)
 11492 | D:11     | Found a frozen archway.
 11494 | D:11     | Noticed Amaemon
 11497 | D:11     | Noticed an orange demon
 11499 | D:11     | Mangled by a shadow

Illustrated notes

Levels and vault maps discovered:
D:1:      nicolae_arrival_memento_mori, layout_basic
D:2:      kennysheep_big_flooded_room, layout_loops_cross, uniq_robin
D:3:      layout_basic, slow_altar_2
D:4:      layout_loops_ring, fedhas_altar_2, corexii_item_surrounded_by_moat,
          minmay_three_crescents
D:5:      layout_loops_ring, minmay_temple_entry_nine_rooms, nicolae_sextant,
          serial_bayou_lagoon_a, nicolae_specific_store
D:6:      layout_loops_corners, nicolae_hepliaklqana_monster_ancestors
D:7:      layout_basic, mainiacjoe_overflow_tiny_flanked, serial_shops, shop
D:8:      nicolae_BIG_FREAKIN_CUBE, layout_cave_pools,
          minmay_overflow_temple_hex, lair_entry_dummy, serial_shops,
          nicolae_square_shop
D:9:      layout_roguey
D:10:     layout_basic, grunt_dithmenos_smoke_and_mirrors,
          kennysheep_vampire_church, serial_shops, nicolae_shop_gaudy_bauble
D:11:     layout_roguey, portal_ice_cave_rime, trove_entry_hex_spiral,
          gammafunk_ghost_cemetery, kennysheep_generic_room_7, uniq_nergalle,
          uniq_amaemon
Temple:   nicolae_temple_two_arcs
Lair:1:   layout_misc_corridors, serial_bayou_shore_a,
          infiniplex_staircase_pool_2

Skill      XL: |  1  2  3  4  5  6  7  8  9 10 |
---------------+-------------------------------+-----
Stealth        | 6 7 8 9 10 11 12 | 12.5
Dodging        | 2 3 4 5 7 |  7.4
Spellcasting   | 1 2 3 4 |  4.5
Short Blades   | 3 4 5 6 |  6.0
Evocations     | 1 2 3 |  3.1
Fighting       | 2 3 |  3.1
Throwing       | 3 4 5 |  5.5
Axes           | 4 5 |  5.2

Action                     |  1- 3 |  4- 6 |  7- 9 | 10-12 || total
---------------------------+-------+-------+-------+-------++-------
  Melee: Dagger            |   150 |   206 |   281 |       ||   637
         Punch             |     1 |     1 |     4 |       ||     6
         War axe           |       |       |   191 |    22 ||   213
  Throw: Dart              |     2 |    30 |    36 |     3 ||    71
         Boomerang         |       |    27 |    25 |     5 ||    57
         Throwing net      |       |       |     1 |       ||     1
 Invoke: Curse Item        |       |       |     1 |       ||     1
  Evoke: Wand              |       |    27 |    10 |       ||    37
    Use: Scroll            |       |       |     2 |       ||     2
         Potion            |       |       |       |     3 ||     3
   Stab: Sleeping          |    12 |    18 |    24 |     2 ||    56
         Distracted        |     1 |       |     2 |       ||     3
 Armour: Robe              |    22 |    16 |    30 |       ||    68
  Dodge: Dodged            |   106 |   148 |   424 |    27 ||   705
  Block: Buckler           |       |       |     4 |     2 ||     6
